 Dungeon Crawl Stone Soup version 0.32-a0-818-gb728d02 (webtiles) character file.

Game seed: 12226524636864009306

72 Meow the Conjurer (level 4, 36/36 HPs)
             Began as a Naga Conjurer on Mar 23, 2024.
             Quit the game on level 3 of the Dungeon.
             The game lasted 00:04:44 (1648 turns).

Meow the Conjurer (Naga Conjurer)                   Turns: 1648, Time: 00:04:45

Health: 36/36      AC:  4    Str: 10    XL:     4   Next: 26%
Magic:  4/8        EV:  8    Int: 20    God:
Gold:   104        SH:  0    Dex:  9    Spells: 6/9 levels left

rFire   . . .        a - +0 sling
rCold   . . .        (no shield)
rNeg    . . .        f - +0 robe
rPois   +            c - +0 helmet
rElec   .            i - +0 cloak
rCorr   .            (no gloves)
SInv    +            (no barding)
Will    +....        (no amulet)
Stlth   ++           h - ring of willpower
HPRegen 0.26/turn    (no ring)
MPRegen 0.11/turn

%: no passive effects
@: short of breath, very slow
A: AC +1, large, see invisible, deformed body, poison resistance, slowness 2,
spit poison 1, naga tail 1
a: Spit Poison


You were on level 3 of the Dungeon.
You visited 1 branch of the dungeon, and saw 3 of its levels.

You collected 104 gold pieces.

Inventory:

Hand Weapons
 a - a +0 sling (weapon)
 b - a +2 dagger of draining
 m - a +0 hand axe
Missiles
 t - a throwing net
Armour
 c - a +0 helmet (worn)
 f - a +0 robe (worn)
 i - a +0 cloak (worn)
Magical Staves
 l - a staff of alchemy
Jewellery
 h - a ring of willpower (left hand)
Scrolls
 d - 2 scrolls of teleportation
 e - a scroll of silence {unknown}
 g - a scroll of identify {unknown}
 o - a scroll of blinking {unknown}
 q - a scroll of acquirement {unknown}
 u - a scroll of noise {unknown}
Potions
 j - a potion of curing {unknown}
 k - a potion of might {unknown}
 n - a potion of magic
 p - a potion of haste {unknown}
 r - a potion of brilliance {unknown}
 s - 2 potions of heal wounds {unknown}
 v - a potion of degeneration {unknown}


   Skills:
 - Level 1.5 Dodging
 - Level 3.0 Stealth
 + Level 3.2 Spellcasting
 + Level 4.9 Conjurations


You had 6 spell levels left.
You knew the following spells:

 Your Spells              Type           Power      Damage    Failure   Level
a - Magic Dart            Conj           88%        1d7       1%          1
b - Searing Ray           Conj           44%        2d6       2%          2

Your spell library contained the following spells:

 Spells                   Type           Power      Damage    Failure   Level
 Fulminant Prism          Conj/Alch      6%         3d7       45%         4
 Iskenderun's Mystic Bla  Conj/Tloc      13%        2d5       45%         4


Dungeon Overview and Level Annotations

Branches:
Dungeon (3/15)

Altars:
Vehumet


Innate Abilities, Weirdness & Mutations

Your serpentine skin is tough. (AC +1)
You have supernaturally acute eyesight. (SInv)
Armour fits poorly on your strangely shaped body.
Your system is resistant to poisons. (rPois)
You cover ground very slowly.
You can spit poison.
You have a snake-like lower body.


Message History

You start resting.
Magic restored.
There is a stone staircase leading down here.
You climb downwards.
There is a stone staircase leading up here.
Found a stone staircase leading down.
A ball python comes into view.
Casting: Searing Ray (safe; 3% risk of failure)
Confirm with . or Enter, or press ? or * to list all spells.
Aiming: Magic Dart (safe; 1% risk of failure)
Press: ? - help, Shift-Dir - straight line, f - ball python
Aim: a ball python (asleep, 100% to hit)
The magic dart hits the ball python.
You kill the ball python!
Natasha, Servant of Life and Death comes into view.
Found a radiant altar of Vehumet.
Natasha hisses angrily.
Aiming: Spit Poison (2% risk of failure)
Press: ? - help, Shift-Dir - straight line, f - Natasha
Aim: Natasha (50% to hit)
The splash of poison hits Natasha!
Natasha is heavily wounded.
Natasha claws you but does no damage.
Unknown command.
Casting: Magic Dart (safe; 1% risk of failure)
Confirm with . or Enter, or press ? or * to list all spells.
Aiming: Searing Ray (safe; 3% risk of failure)
Press: ? - help, Shift-Dir - straight line, f/p - Natasha
Aim: Natasha (heavily wounded, 72% to hit)
The searing ray hits Natasha.
Natasha is severely wounded. (Press . to maintain the ray.) Natasha claws you.
The searing ray hits Natasha.
You kill Natasha!
Natasha growls in agony!
Your Spellcasting skill increases to level 3!
You have reached level 4!
You feel stronger.
Are you sure you want to abandon this character and quit the game? (Confirm with "yes".)

.# #. #.# #. #.# #.
#.# .## #.#...
#.#.#####..
#........_
###############.@##
......<...........#
#####.#.#.#####..##
#.#.#...##..####.
#.#.#.#.#........#
#.#.#.#....#######
..#.###..#.#
#........#.#
..>###.###.#


There were no monsters in sight!

Vanquished Creatures
  Natasha (D:3)
  A ribbon worm (D:2)
  6 ball pythons
  2 endoplasms (D:2)
  3 hobgoblins
  3 kobolds (D:2)
  2 quokkas (D:1)
  8 bats
  5 frilled lizards
  9 goblins
  3 rats
43 creatures vanquished.

Notes
Turn   | Place    | Note
-------+----------+-------------------------------------------
     0 | D:1      | Meow the Naga Conjurer began the quest for the Orb.
     0 | D:1      | Reached XP level 1. HP: 15/15 MP: 3/3
   311 | D:1      | Reached XP level 2. HP: 22/22 MP: 3/5
   314 | D:1      | Learned a level 2 spell: Searing Ray
   837 | D:1      | Reached XP level 3. HP: 28/28 MP: 6/6
  1644 | D:3      | Found a radiant altar of Vehumet.
  1644 | D:3      | Noticed Natasha
  1647 | D:3      | Killed Natasha
  1648 | D:3      | Reached XP level 4. HP: 36/36 MP: 4/8
  1648 | D:3      | Quit the game

Illustrated notes

Levels and vault maps discovered:
D:1:      minmay_arrival_wavy_path, layout_loops_ring, minmay_splitting_lines
D:2:      layout_rooms
D:3:      wad_pebble_path, layout_basic, mainiacjoe_overflow_alcove_2,
          minmay_circle_x, uniq_natasha, uniq_ijyb

Skill      XL: |  1  2  3 |
---------------+----------+-----
Spellcasting   | 3 |  3.2
Dodging        | |  1.5
Stealth        | |  3.0
Conjurations   | |  4.9

Action                     |  1- 3 |  4- 6 || total
---------------------------+-------+-------++-------
  Melee: Dagger            |     3 |       ||     3
   Fire: Sling             |     8 |       ||     8
   Cast: Magic Dart        |    31 |       ||    31
         Searing Ray       |     5 |       ||     5
Ability: Spit Poison       |    22 |       ||    22
    Use: Scroll            |     1 |       ||     1
 Armour: Robe              |     8 |       ||     8
  Dodge: Dodged            |     4 |       ||     4

Table legend: (Time is in decaauts)
 A = Elapsed time spent in this place.
 B = Non-inter-level travel time spent in this place.
 C = Inter-level travel time spent in this place.
 D = Time resting spent in this place.
 E = Time spent auto-exploring this place.
 F = Levels seen in this place.
 G = Mean time per level.
                   A        B        C        D        E       F      G
               +--------+--------+--------+--------+--------+-----+--------+
         Total |   2113 |   1864 |    249 |    350 |   1287 |   3 |  704.3 |
       Dungeon |   2113 |   1864 |    249 |    350 |   1287 |   3 |  704.3 |
               +--------+--------+--------+--------+--------+-----+--------+

Top non-repeatable levels by time:
     D:1: 1447 daAuts
     D:2: 643 daAuts
     D:3: 23 daAuts
